 Dungeon Crawl Stone Soup version 0.26-a0-690-gcb57259078 (webtiles) character file.

Game seed: 12242159338649063601

2725 vortex the Magician (level 9, -13/54 HPs)
             Began as a Deep Elf Fire Elementalist on Oct 24, 2020.
             Was a Believer of Vehumet.
             Killed from afar by a killer bee (35 damage)
             ... with an exploding inner flame
             ... hexed by the player character
             ... on level 10 of the Dungeon.
             The game lasted 00:35:12 (9647 turns).

vortex the Magician (Deep Elf Fire Elementalist)    Turns: 9647, Time: 00:35:13

Health: -13/54     AC:  8    Str: 11    XL:     9   Next: 40%
Magic:  7/22       EV: 16    Int: 24    God:    Vehumet [**....]
Gold:   206        SH:  0    Dex: 15    Spells: 12/22 levels left

rFire    . . .     SeeInvis .   h - +0 dagger (flame)
rCold    . . .     Faith    .   (no shield)
rNeg     . . .     Spirit   .   K - +2 steam dragon scales
rPois    .         Reflect  .   (no helmet)
rElec    .         Harm     .   o - +0 cloak
rCorr    .         Rampage  .   (no gloves)
MR       .....                  (no boots)
Stlth    +++.......             w - amulet of regeneration
HPRegen  0.58/turn              x - ring of stealth
MPRegen  0.18/turn              G - +6 ring of strength

@: about to teleport
A: no striking features
a: Renounce Religion


You were on level 10 of the Dungeon.
You worshipped Vehumet.
Vehumet was pleased with you.
You visited 2 branches of the dungeon, and saw 11 of its levels.
You also visited: Ossuary.

You collected 306 gold pieces.
You spent 100 gold pieces at shops.

Inventory:

Hand Weapons
 h - a +0 dagger of flaming (weapon)
Missiles
 j - 45 poisoned darts (quivered)
 y - 2 datura-tipped darts
Armour
 o - a +0 cloak (worn)
 K - +2 steam dragon scales (worn)
Jewellery
 w - an amulet of regeneration (around neck)
 x - a ring of stealth (left hand)
 G - a +6 ring of strength (right hand)
Wands
 E - a wand of disintegration (22)
 F - a wand of iceblast (3)
Scrolls
 e - 2 scrolls of immolation
 f - 6 scrolls of teleportation
 i - 3 scrolls of remove curse
 q - 3 scrolls of blinking
 z - 4 scrolls of amnesia
 D - 2 scrolls of summoning
Potions
 b - 3 potions of flight {unknown}
 c - a potion of resistance {unknown}
 g - 3 potions of brilliance {unknown}
 l - a potion of curing
 m - 2 potions of cancellation {unknown}
 n - a potion of magic {unknown}
 p - 2 potions of might {unknown}
 r - a potion of lignification {unknown}
 t - 3 potions of heal wounds {unknown}
 u - 3 potions of mutation {unknown}
 A - 3 potions of haste {unknown}
 C - a potion of experience {unknown}
 H - a potion of berserk rage {unknown}
 J - a potion of stabbing {unknown}


   Skills:
 * Level 5.5 Fighting
 + Level 6.8 Dodging
 - Level 2.4 Stealth
 + Level 7.4 Spellcasting
 + Level 5.6 Conjurations
 + Level 6.6 Fire Magic
 + Level 3.0 Evocations


You had 12 spell levels left.
You knew the following spells:

 Your Spells              Type           Power        Failure   Level
a - Foxfire               Conj/Fire      ####         1%          1
c - Sticky Flame          Conj/Fire      #####...     5%          4
f - Fireball              Conj/Fire      #####.....   16%         5

Your spell library contained the following spells:

 Spells                   Type           Power        Failure   Level
 Frozen Ramparts          Ice            #.....       21%         3
 Conjure Flame            Conj/Fire      #####...     1%          3
 Inner Flame              Hex/Fire       ###.....     5%          3


Dungeon Overview and Level Annotations

Branches:
Dungeon (11/15)            Temple (1/1) D:4            Lair (0/6) D:11
Ossuary (visited)
    Orc: D:9-12

Altars:
Ashenzari
Cheibriados
Fedhas
Hepliaklqana
Makhleb
Okawaru
Qazlal
Sif Muna
Vehumet
Wu Jian
Xom
Yredelemnul
The Shining One
Jiyva

Shops:
D:5 }

Portals:
Trove: D:11 (give +3 shadow dragon scales)

Annotations:
D:7 3 runed translucent doors; iron shot, somkeydreadnuts's ghost, novice GnWn
D:11 Maurice


Message History

The killer bee stings you.
* * * LOW HITPOINT WARNING * * *
Casting: Sticky Flame (dangerous; 5% risk of failure)
Confirm with . or Enter, or press ? or * to list all spells.
Press: ? - help, Shift-Dir - straight line, f - killer bee, p - killer bee
Aim: a killer bee (purple smoke, inner flame)
Okay, then.
As you read the scroll labeled SECUNU JUXKO, it crumbles to dust.
You feel strangely unstable.
It was a scroll of teleportation.
The killer bee burns!
Flame seeps out of the killer bee.
The killer bee stings you but does no damage.
The killer bee misses you. x2; The killer bee closely misses you.
The killer bee barely misses you. The killer bee completely misses you.
You feel better.
The killer bee burns!
The killer bee explodes!
The fiery explosion engulfs the killer bee!!
The killer bee explodes!
The fiery explosion engulfs you!!
Ouch! That really hurt!
You die...

###....##.............
.......#.......)......
.......#..............
)....##.....##....#
#...##.....##†.>.##
#§§§##.........>...
#§§§§§.......(.....
#§§§§§.............
#§@y§§.............
###################


You could see a killer bee (inner flame).

Vanquished Creatures
  Maggie (D:6)
  Eustachio (D:4)
  A black bear (D:7)
  3 ogres
  2 centaurs
  Blork the orc (D:6)
  A big kobold (D:7)
  2 bullfrogs
  2 scorpions
  8 killer bees
  A wight (D:11)
  A bullfrog zombie (D:11)
  An orc wizard (D:4)
  3 orc priests
  3 hounds (D:7)
  A bullfrog skeleton (D:6)
  Terence (D:2)
  Crazy Yiuf (D:2)
  A centaur skeleton (D:10)
  3 iguanas
  Natasha (twice) (D:2)
  4 worker ants
  2 hound skeletons
  13 mummies (Ossuary)
  17 adders
  A shadow imp (D:7)
  2 white imps
  2 ufetubi (D:5)
  2 oozes
  An adder zombie (D:5)
  2 worms
  3 dart slugs
  2 leopard geckos
  8 orcs
  6 giant cockroaches
  10 goblins
  7 hobgoblins
  6 jackals
  11 kobolds
  4 quokkas
  A ball python (D:3)
  13 bats
  3 frilled lizards
  2 gnoll skeletons (Ossuary)
  5 goblin skeletons (Ossuary)
  A kobold skeleton (Ossuary)
  2 leopard gecko zombies (D:5)
  A quokka skeleton (D:5)
  13 rats
  11 rat skeletons (Ossuary)
195 creatures vanquished.

Vanquished Creatures (others)
  923 foxfires
923 creatures vanquished.

Grand Total: 1118 creatures vanquished

Notes
Turn   | Place    | Note
-------+----------+-------------------------------------------
     0 | D:1      | vortex the Deep Elf Fire Elementalist began the quest for
                  | the Orb.
     0 | D:1      | Reached XP level 1. HP: 10/10 MP: 6/6
   211 | D:1      | Reached XP level 2. HP: 15/15 MP: 2/8
   957 | D:2      | Reached XP level 3. HP: 20/20 MP: 3/9
  1139 | D:2      | Noticed Terence
  1161 | D:2      | HP: 1/20 [Terence/+0 mace (7)]
  1177 | D:2      | Killed Terence
  1177 | D:2      | Reached skill level 1 in Fighting
  1500 | D:2      | Found a snail-covered altar of Cheibriados.
  1524 | D:2      | Reached XP level 4. HP: 25/25 MP: 7/11
  1855 | D:2      | Noticed Natasha
  1860 | D:2      | Killed Natasha
  1860 | D:2      | Reached skill level 4 in Spellcasting
  1903 | D:2      | Reached XP level 5. HP: 29/29 MP: 9/13
  2300 | D:2      | Found a runed translucent door.
  2301 | D:2      | Noticed Crazy Yiuf
  2368 | D:2      | Noticed Natasha
  2373 | D:2      | Killed Natasha
  2464 | D:2      | Killed Crazy Yiuf
  2820 | D:3      | Learned a level 4 spell: Sticky Flame
  2997 | D:3      | Found a shimmering altar of Xom.
  2998 | D:3      | Found a hazy altar of Hepliaklqana.
  2999 | D:3      | Noticed a spectral ugly thing
  3478 | D:3      | Reached XP level 6. HP: 35/35 MP: 9/14
  3655 | D:3      | Found a broken altar of Ashenzari.
  4325 | D:4      | Found a staircase to the Ecumenical Temple.
  4339 | Temple   | Entered the Ecumenical Temple
  4343 | Temple   | Became a worshipper of Vehumet
  4394 | D:4      | Learned a level 5 spell: Fireball
  4522 | D:4      | Found an ornate altar of the Wu Jian Council.
  4595 | D:4      | Reached skill level 5 in Spellcasting
  4766 | D:4      | Noticed Eustachio
  4779 | D:4      | Killed Eustachio
  4779 | D:4      | Reached XP level 7. HP: 40/40 MP: 5/16
  4866 | D:4      | Reached skill level 5 in Fire Magic
  5479 | D:5      | Entered Level 5 of the Dungeon
  5575 | D:5      | Found Veavug Tai's Gadget Boutique.
  5584 | D:5      | Reached skill level 5 in Dodging
  5591 | D:5      | Found a sand-covered staircase.
  5600 | Ossuary  | Entered an ossuary
  5766 | Ossuary  | Reached * piety under Vehumet
  5766 | Ossuary  | Offered knowledge of Sandblast by Vehumet.
  6311 | Ossuary  | Reached XP level 8. HP: 48/48 MP: 8/18
  6529 | D:5      | Offered knowledge of Shock by Vehumet.
  6547 | D:5      | Reached skill level 6 in Spellcasting
  6776 | D:5      | Bought a wand of iceblast (6) for 100 gold pieces
  6851 | D:5      | Found a shimmering blue altar of Sif Muna.
  6882 | D:5      | You fall into a shaft and drop 2 floors!
  6925 | D:7      | Reached ** piety under Vehumet
  7058 | D:7      | Found a burning altar of Makhleb.
  7072 | D:6      | Noticed Blork the orc
  7218 | D:5      | Found a basalt altar of Yredelemnul.
  7707 | D:6      | Noticed Maggie
  7897 | D:6      | Killed Maggie
  7897 | D:6      | Reached skill level 1 in Evocations
  7900 | D:6      | Killed Blork the orc
  7900 | D:6      | Reached skill level 5 in Conjurations
  8083 | D:6      | Found an iron altar of Okawaru.
  8380 | D:6      | Reached skill level 5 in Fighting
  8433 | D:6      | Found a stormy altar of Qazlal.
  8513 | D:7      | Reached skill level 7 in Spellcasting
  8513 | D:7      | Reached XP level 9. HP: 54/54 MP: 12/21
  8789 | D:7      | Found a runed translucent gate.
  8794 | D:7      | Found a runed translucent gate.
  8795 | D:7      | Found a runed translucent gate.
  8799 | D:7      | Noticed somkeydreadnuts's ghost (novice GnWn)
  9306 | D:8      | You fall into a shaft and drop 3 floors!
  9337 | D:11     | Found a portal to a secret trove of treasure.
  9387 | D:11     | Noticed Maurice
  9460 | D:11     | Found a staircase to the Lair.
  9489 | D:10     | Entered Level 10 of the Dungeon
  9489 | D:10     | Found an iron altar of Okawaru.
  9570 | D:10     | Offered knowledge of Frozen Ramparts by Vehumet.
  9647 | D:10     | Killed from afar by a killer bee

Illustrated notes

Levels and vault maps discovered:
D:1:      wander_arrival_abandoned_jail, layout_rooms,
          chequers_serial_rivers_micro_d
D:2:      layout_basic, kennysheep_slug_shrine, minmay_tromino_v4_c,
          uniq_terence, uniq_natasha, uniq_crazy_yiuf_cottage
D:3:      layout_basic, regret_index_temple_of_mockery, marbit_many_paths
D:4:      layout_loops_corners, lemuel_round_altar, minmay_temple_entry_waves,
          minmay_misc_feat_encased, chequers_serial_rivers_micro_a,
          uniq_eustachio
D:5:      layout_basic, lemuel_blue_sif_altar,
          lightli_ossuary_entry_decrepit_ruins, serial_shops, shop_statue,
          yredelemnul_altar_generic
D:6:      layout_loops_ring, kennysheep_little_box, old_standard_altar,
          uniq_blork_the_orc, uniq_maggie
D:7:      layout_loops_ring, makhleb_heckhound_becter,
          gammafunk_ghost_necromancy
D:8:      layout_gridville, grunt_temple_overflow_diamond, old_standard_altar,
          grunt_ministairs_8
D:10:     layout_gridville, orc_0_dummy, basic_altar, david_greed, uniq_sonja
D:11:     layout_loops_ring, lair_entry_dummy, trove_entry_hex_spiral,
          gauntlet_entry_generic, uniq_maurice
Temple:   pf_slimified_temple

Skill      XL: |  1  2  3  4  5  6  7  8  9 |
---------------+----------------------------+-----
Fighting       | 1 2 3 5 |  5.5
Dodging        | 3 4 5 6 |  6.8
Conjurations   | 2 3 4 5 |  5.6
Fire Magic     | 4 5 6 |  6.6
Spellcasting   | 4 5 7 |  7.4
Evocations     | 2 3 |  3.0
Stealth        | |  2.4

Action                   |  1- 3 |  4- 6 |  7- 9 || total
-------------------------+-------+-------+-------++-------
Melee: Club              |     1 |       |       ||     1
       Unarmed           |     1 |       |       ||     1
       Dagger            |     5 |    12 |    23 ||    40
 Cast: Foxfire           |    85 |   178 |   282 ||   545
       Sticky Flame      |       |       |    14 ||    14
Evoke: Wand              |       |       |     6 ||     6
  Use: Scroll            |       |       |    17 ||    17
       Potion            |       |       |     3 ||     3
 Stab: Sleeping          |       |     1 |       ||     1
Armor: Robe              |     1 |     5 |     6 ||    12
       Leather armour    |       |       |     1 ||     1
       Steam dragon scal |       |       |    18 ||    18
Dodge: Dodged            |    18 |    23 |    89 ||   130

Table legend: (Time is in decaauts)
 A = Elapsed time spent in this place.
 B = Non-inter-level travel time spent in this place.
 C = Inter-level travel time spent in this place.
 D = Time resting spent in this place.
 E = Time spent auto-exploring this place.
 F = Levels seen in this place.
 G = Mean time per level.
                   A        B        C        D        E       F      G
               +--------+--------+--------+--------+--------+-----+--------+
         Total |   9650 |   9184 |    466 |     90 |   7695 |  12 |  804.2 |
       Dungeon |   8718 |   8258 |    460 |     54 |   7065 |  10 |  871.8 |
        Temple |      8 |      2 |      6 |      0 |      0 |   1 |    8.0 |
       Ossuary |    922 |    922 |      0 |     36 |    630 |   1 |  922.0 |
               +--------+--------+--------+--------+--------+-----+--------+

Top non-repeatable levels by time:
     D:2: 1681 daAuts
     D:4: 1499 daAuts
     D:3: 1416 daAuts
     D:5: 1146 daAuts
     D:7: 974 daAuts
 Ossuary: 922 daAuts
     D:1: 893 daAuts
     D:6: 709 daAuts
    D:11: 182 daAuts
    D:10: 157 daAuts
     D:8: 56 daAuts
  Temple: 8 daAuts
